 Dungeon Crawl Stone Soup version 0.30-a0-883-g5ad918d77d (webtiles) character file.

Game seed: 10953191189773615805

58 Sanktem7 the Trooper (level 3, -7/33 HPs)
             Began as a Minotaur Fighter on Mar 17, 2023.
             Mangled by Crazy Yiuf
             ... wielding a +4 quarterstaff of chaos
              (10 damage)
             ... on level 2 of the Dungeon.
             The game lasted 00:02:09 (1524 turns).

Sanktem7 the Trooper (Minotaur Fighter)             Turns: 1524, Time: 00:02:10

Health: -7/33      AC:  8    Str: 22    XL:     3   Next: 75%
Magic:  0/2        EV:  9    Int:  5    God:
Gold:   86         SH:  4    Dex:  9    Spells: 2/2 levels left

rFire   . . .      SeeInvis .    a - +0 war axe {axe}
rCold   . . .      Faith    .    c - +0 buckler
rNeg    . . .      Spirit   +    b - +0 scale mail
rPois   .          Reflect  .    (helmet restricted)
rElec   .          Rampage  .    f - +0 cloak
rCorr   .                        (no gloves)
Will    .....                    (no boots) Stlth
                                 n - amulet of guardian spirit
HPRegen 0.25/turn                (no ring)
MPRegen 0.08/turn                (no ring)

@: no status effects
A: horns 2, retaliatory headbutt
a: no special abilities


You were on level 2 of the Dungeon.
You visited 1 branch of the dungeon, and saw 2 of its levels.

You collected 112 gold pieces.
You spent 26 gold pieces at shops.


Innate Abilities, Weirdness & Mutations

You have a pair of horns on your head.
You reflexively headbutt those who attack you in melee.


   Skills:
 + Level 4.1 Fighting
 * Level 3.6 Axes
 + Level 4.1 Armour
 + Level 4.1 Shields


You had 2 spell levels left.
You didn't know any spells.
Your spell library contained the following spells:

 Spells                   Type           Power      Damage    Failure   Level
 Apportation              Tloc           0%         N/A       87%         1
 Necrotise                Necr           0%         1d4       87%         1
 Summon Small Mammal      Summ           0%         N/A       87%         1
 Inner Flame              Hex/Fire       0%         N/A       99%         3
 Cause Fear               Hex            0%         N/A       100%        4
 Discord                  Hex            0%         N/A       100%        8

Inventory:

Hand Weapons
 a - a +0 war axe (weapon) {axe}
Missiles
 k - 6 stones (quivered) {throwing}
 l - 6 poisoned darts {throwing}
Armour
 b - a +0 scale mail (worn)
 c - a +0 buckler (worn)
 f - a +0 cloak (worn)
   (You found it on level 1 of the Dungeon)
Jewellery
 n - an amulet of guardian spirit (around neck)
   (You found it on level 2 of the Dungeon)
Scrolls
 e - a scroll of immolation {unknown}
 g - 5 scrolls of identify {@r1}
 h - a scroll of silence {unknown}
 i - a scroll of poison {unknown}
 j - a scroll of magic mapping {unknown}
Potions
 d - a potion of might
 m - a potion of resistance {unknown}

Dungeon Overview and Level Annotations

Branches:
Dungeon (2/15) Zot: 10443

Altars:

Shops:
D:1 ?   D:2 [

Annotations:
D:2 Crazy Yiuf

####♣♣ ### ## ##..#.♣♣
♣♣#..)#
.#####......♣♣♣♣@g...#
#####
.............♣..♣#...#
#...#
...#####.#..♣.♣♣♣ ###
#...# ...# ###♣♣♣♣♣
#...# ..)# #.>.# ...#
### ######...# ..>#
#.#########........#
...#
##....##............#
..##
#..##....###........#


You could see Crazy Yiuf.


Message History

😕 HP[-5]
You take 5 damage, and now have 27/33 hp.
You barely miss the hobgoblin.
The hobgoblin hits you but does no damage.
You barely miss the hobgoblin. Your headbutt misses the hobgoblin.
The hobgoblin hits you. 😕 HP[-1]
You take 1 damage, and now have 26/33 hp.
You barely miss the hobgoblin. You headbutt the hobgoblin.
The hobgoblin hits you.
The hobgoblin hits you but does no damage.
You barely miss the hobgoblin. Your headbutt misses the hobgoblin.
The hobgoblin hits you but does no damage.
You hit the hobgoblin.
You kill the hobgoblin!
No target in view!
There is a stone staircase leading up here.
You now have 86 gold pieces (gained 7).
g - 5 scrolls of identify {@r1} (gained 1) Key pressed, stopping explore.
Found an escape hatch in the ceiling. 😎 HP[+7]
Your hp is fully restored (33).
Found Mopillim's Armour Boutique.
There is an entrance to Mopillim's Armour Boutique here.
Found a stone staircase leading down.
There is an escape hatch in the ceiling here.
There is an escape hatch in the ceiling here.
An endoplasm comes into view.
An endoplasm is nearby!
An endoplasm is nearby!
A goblin comes into view. It is wielding a +0 club.
The endoplasm quivers.
The goblin shouts!
Found a flail.
Found a stone staircase leading down.
You slash the endoplasm!
You kill the endoplasm!
The goblin hits you with a +0 club. 😕 HP[-2]
You take 2 damage, and now have 31/33 hp.
You closely miss the goblin. Your headbutt misses the goblin.
The goblin barely misses you.
You barely miss the goblin. You block the goblin's attack.
You slash the goblin!
You kill the goblin! 😕 HP[+1] No target in view!
No target in view!
No target in view!
No target in view!
Things that are here:
a +0 club {mace}; a goblin corpse A ball python comes into view.
The ball python hisses angrily. 😎 HP[+1]
Your hp is fully restored (33).
A ball python is nearby!
A ball python is nearby!
You block the ball python's attack. The ball python closely misses you.
You slash the ball python!
You kill the ball python!
No target in view!
No target in view!
No target in view!
No target in view!
A rat comes into view.
A rat is nearby!
A rat is nearby!
You block the rat's attack.
You slash the rat!
You kill the rat!
No target in view!
No target in view!
No target in view!
No target in view!
Found a stone staircase leading down.
You see here a rat corpse.
There is a stone staircase leading down here.
Crazy Yiuf shouts!
As you open the door, it creaks loudly!
You closely miss Crazy Yiuf.
Crazy Yiuf hits you with a +4 quarterstaff of chaos!
Crazy Yiuf burns you.
Crazy Yiuf hits you with a +4 quarterstaff of chaos.
* * * LOW HITPOINT WARNING * * *
😨 HP[-20] MP[-1]
You take 20 damage, and now have 13/33 hp.
MASSIVE DAMAGE!! (PAUSE)
You lost 1 mp, and now have 1/2 mp.
You slash Crazy Yiuf!
You headbutt Crazy Yiuf, but do no damage.
Crazy Yiuf hits you with a +4 quarterstaff of chaos!
* * * LOW HITPOINT WARNING * * *
😱 HP[-10] MP[-1]
You take 10 damage, and now have 3/33 hp.
MASSIVE DAMAGE!! (PAUSE)
You lost 1 mp, and now have 0/2 mp.
You hit Crazy Yiuf. You headbutt Crazy Yiuf.
Crazy Yiuf hits you with a +4 quarterstaff of chaos!
You die...

Skill      XL: |  1  2  3 |
---------------+----------+-----
Axes           | 3 |  3.6
Armour         | 4 |  4.1
Fighting       | 4 |  4.1
Shields        | 4 |  4.1

Action                     || total
---------------------------++-------
  Melee: War axe           ||    81
         Headbutt          ||     7
 Armour: Scale mail        ||    32
  Dodge: Dodged            ||    37
  Block: Buckler           ||    15

Levels and vault maps discovered:
D:1:      lemuel_arrival_tunnels, layout_basic, serial_shops,
          nicolae_shop_waterfront
D:2:      minmay_wonky_spiral, layout_rooms,
          hellmonk_ecumenical_altar_prayer_group, serial_shops,
          nicolae_shop_statue_plus, grunt_decor_junction,
          uniq_crazy_yiuf_cottage

Notes
Turn   | Place    | Note
-------+----------+-------------------------------------------
     0 | D:1      | Sanktem7 the Minotaur Fighter began the quest for the Orb.
     0 | D:1      | Reached XP level 1. HP: 19/19 MP: 0/0
     0 | D:1      | magus.rc [v1.9.6]
   310 | D:1      | You pick up a book of Cantrips and begin reading...
   310 | D:1      | You add the spells Necrotise, Summon Small Mammal and
                  | Apportation to your library.
   620 | D:1      | Reached XP level 2. HP: 27/27 MP: 1/1
   645 | D:1      | Found Reetrompem's Magic Scroll Shoppe.
   670 | D:1      | Bought a scroll of identify for 26 gold pieces
   754 | D:1      | Reached skill level 3 in Axes
   948 | D:2      | Reached skill level 4 in Armour
   949 | D:2      | Reached XP level 3. HP: 33/33 MP: 2/2
   950 | D:2      | Reached skill level 4 in Fighting
   952 | D:2      | Reached skill level 4 in Shields
   962 | D:2      | Found a faded altar of an unknown god.
   983 | D:2      | You pick up a book of Hexes and begin reading...
   983 | D:2      | You add the spells Inner Flame, Cause Fear and Discord to
                  | your library.
  1356 | D:2      | Found Mopillim's Armour Boutique.
  1517 | D:2      | Found a runed translucent door.
  1518 | D:2      | Noticed Crazy Yiuf
  1523 | D:2      | HP: 3/33 [Crazy Yiuf/+4 quarterstaff of chaos (11)]
  1524 | D:2      | Mangled by Crazy Yiuf

Vanquished Creatures
  An adder (D:2)
  2 dart slugs
  5 endoplasms (D:2)
  6 giant cockroaches
  3 goblins
  3 hobgoblins
  4 jackals (D:2)
  3 kobolds (D:2)
  4 ball pythons
  2 bats
  2 frilled lizards
  5 rats
40 creatures vanquished.

Table legend:
 A = Non-vault XP
 B = Vault XP
 C = Vault XP percentage of total XP
 D = Non-vault monster count
 E = Vault monster count
 F = Vault count percentage of total count
                 A         B        C        D         E       F
            +---------+---------+-------+---------+---------+-------
      Total |      75 |       8 |   9.6 |      35 |       5 |  12.5
            +---------+---------+-------+---------+---------+-------
        D:1 |      21 |       0 |   0.0 |      12 |       0 |   0.0
        D:2 |      54 |       8 |  12.9 |      23 |       5 |  17.9
            +---------+---------+-------+---------+---------+-------

Illustrated notes

Table legend:
 A = Kills in this place as a percentage of kills in the entire game.
 B = Kills by you in this place as a percentage of kills by you in the entire game.
 C = Kills by friends in this place as a percentage of kills by friends in the entire game.
 D = Other kills in this place as a percentage of other kills in the entire game.
 E = Experience gained in this place as a percentage of experience gained in the entire game.
 F = Experience gained in this place divided by the number of levels of this place that you have seen.
                   A       B       C       D       E      F
               +-------+-------+-------+-------+-------+----------------------
         Total | 100.0 | 100.0 |   N/A |   N/A | 100.0 |  41.5
       Dungeon | 100.0 | 100.0 |   N/A |   N/A | 100.0 |  41.5
               +-------+-------+-------+-------+-------+----------------------

Table legend: (Time is in decaauts)
 A = Elapsed time spent in this place.
 B = Non-inter-level travel time spent in this place.
 C = Inter-level travel time spent in this place.
 D = Time resting spent in this place.
 E = Time spent auto-exploring this place.
 F = Levels seen in this place.
 G = Mean time per level.
                   A        B        C        D        E       F      G
               +--------+--------+--------+--------+--------+-----+--------+
         Total |   1554 |   1475 |     79 |      0 |   1249 |   2 |  777.0 |
       Dungeon |   1554 |   1475 |     79 |      0 |   1249 |   2 |  777.0 |
               +--------+--------+--------+--------+--------+-----+--------+

Top non-repeatable levels by time:
     D:1: 896 daAuts
     D:2: 658 daAuts
